 Dungeon Crawl Stone Soup version 0.19-a0-252-g247cc30 (webtiles) character file.

217 Musica the Covert (level 5, -9/34 HPs)
             Began as an Octopode Assassin on May 25, 2016.
             Mangled by an ogre
             ... wielding a +0 giant club
              (16 damage)
             ... on level 4 of the Dungeon.
             The game lasted 00:11:26 (2794 turns).

Musica the Covert (Octopode Assassin)               Turns: 2794, Time: 00:11:26

Health: -9/34      AC:  1    Str: 11    XL:     5   Next: 94%
Magic:  5/5        EV: 12    Int: 13    God:
Gold:   145        SH:  0    Dex: 14    Spells: 0 memorised, 4 levels left

rFire  + . .     SeeInvis .     a - +2 dagger
rCold  . . .     Gourm    .     (no shield)
rNeg   . . .     Faith    .     (helmet restricted)
rPois  .         Spirit   .     (no amulet)
rElec  .         Dismiss  .     (no ring)
rCorr  .         Reflect  .     (no ring)
SustAt .         Harm     .     (no ring)
MR     .....                    (no ring)
Stlth  ++++++....               (no ring)
                                (no ring)
                                (no ring)
                                (no ring)

@: very slightly contaminated, hasted, very quick, not resistant to hostile
enchantments, very stealthy
A: almost no armour, amphibious, 8 rings, constrict 8, camouflage 1, fire
resistance 1, high mp 1, gelatinous body 1, subdued magic 1
a: no special abilities


You were on level 4 of the Dungeon.
You were not hungry.

You visited 1 branch of the dungeon, and saw 5 of its levels.

You collected 145 gold pieces.

Inventory:

Hand Weapons
 a - a +2 dagger (weapon)
 b - a +0 blowgun
 s - a +0 short sword of holy wrath
Missiles
 c - 3 poisoned needles
 m - 71 bolts
 n - 40 arrows
Scrolls
 e - 4 scrolls of identify {unknown}
 g - 2 scrolls of random uselessness {unknown}
 i - 2 scrolls of recharging {unknown}
 l - 5 scrolls of remove curse {unknown}
 o - a scroll of fog {unknown}
 p - 2 scrolls of teleportation {unknown}
 t - a scroll of blinking {unknown}
 v - a scroll of amnesia {unknown}
 w - a scroll of enchant weapon {unknown}
Potions
 h - 3 potions of curing
 r - 2 potions of haste
 u - a potion of lignification
Comestibles
 f - 5 bread rations


   Skills:
 - Level 2.0 Fighting
 + Level 2.6 Short Blades
 + Level 2.2 Throwing
 - Level 1.0 Dodging
 + Level 9.2 Stealth


You had 4 spell levels left.
You didn't know any spells.

Dungeon Overview and Level Annotations

Branches:
Dungeon (5/15)
 Temple: D:4-7

Altars:
Kikubaaqudgha
Qazlal
Trog
The Shining One

Annotations:
D:4 Pikel


Innate Abilities, Weirdness & Mutations

You cannot wear most types of armour.
You are amphibious.
You can wear up to eight rings at the same time.
You can use your tentacles to constrict eight enemies at once.
Your skin changes colour to match your surroundings (Stealth+).
Your rubbery body absorbs attacks. (AC +1)
Your flesh is heat resistant. (rF+)
You have an increased reservoir of magic. (+10% MP)
Your spells are a little easier to cast, but a little less powerful.


Message History

Pikel is heavily wounded.
Throwing (i - inventory):
q - 2 javelins (quivered)
Press: ? - help, Shift-Dir - straight line, f/p - Pikel
Aim: Pikel, wielding a whip of freezing and wearing a robe (heavily wounded)
You throw a javelin. The javelin barely misses Pikel.
The javelin hits the slave but does no damage.
The slave is heavily wounded.
Throwing (i - inventory):
q - a javelin (quivered)
Press: ? - help, Shift-Dir - straight line, f/p - Pikel
Aim: Pikel, wielding a whip of freezing and wearing a robe (heavily wounded)
You throw a javelin. The javelin hits Pikel.
Pikel is heavily wounded.
Unknown command.
There is a stone staircase leading down here.
You can't go up here!
An ogre comes into view. It is wielding a giant club.
The ogre shouts!
The ogre barely misses you. The ogre hits you with a giant club!
You die...

...'.....p(pp(.p>#
...####.#.######.##
...# #.#.# #p.# ####
#p#.### #p.##
#p#...# #...#
#p###.####K..# .p.
#....#...#
....##..#.#.O.#
#...!##..#.#@#..#
.....##..#.#.#..#
......##..#.#.#...#
...).(.##..#.#.#...#
#..#.#.# ..#
#..#.#.# .# #......#
#.##.### #.##.#.#


You could see Pikel, an ogre and 2 slaves.

Vanquished Creatures
  A hound (D:4)
  An orc wizard (D:4)
  A worker ant (D:4)
  Ijyb (D:3)
  3 adders
  An adder skeleton (D:5)
  4 dart slugs
  3 giant geckos
  3 orcs (D:3)
  A giant cockroach (D:2)
  11 hobgoblins
  4 jackals (D:3)
  3 quokkas
  A ball python (D:4)
  6 bats
  5 giant newts
  3 goblins
  8 kobolds
  9 rats
69 creatures vanquished.

Notes
Turn   | Place    | Note
--------------------------------------------------------------
     0 | D:1      | Musica the Octopode Assassin began the quest for the Orb.
     0 | D:1      | Reached XP level 1. HP: 14/14 MP: 1/1
    40 | D:1      | Reached skill level 6 in Stealth
    40 | D:1      | Reached XP level 2. HP: 12/19 MP: 2/2
   457 | D:2      | Reached XP level 3. HP: 24/24 MP: 3/3
  1066 | D:2      | Found a glowing golden altar of the Shining One.
  1078 | D:2      | Found an ancient bone altar of Kikubaaqudgha.
  1086 | D:2      | Reached skill level 7 in Stealth
  1097 | D:2      | Gained mutation: You have an increased reservoir of magic. (+10% MP) [potion of mutation]
  1097 | D:2      | Gained mutation: Your spells are a little easier to cast, but a little less powerful. [potion of mutation]
  1097 | D:2      | Gained mutation: Your flesh is heat resistant. (rF+) [potion of mutation]
  1266 | D:3      | Reached XP level 4. HP: 29/29 MP: 4/4
  1513 | D:2      | Found a bloodstained altar of Trog.
  2006 | D:3      | Reached skill level 8 in Stealth
  2032 | D:3      | Noticed Ijyb
  2039 | D:3      | Killed Ijyb
  2039 | D:3      | Reached XP level 5. HP: 27/34 MP: 5/5
  2199 | D:4      | Found a stormy altar of Qazlal.
  2241 | D:5      | Entered Level 5 of the Dungeon
  2373 | D:4      | Reached skill level 9 in Stealth
  2757 | D:4      | Noticed Pikel
  2757 | D:4      | Noticed a slave
  2757 | D:4      | Noticed a slave
  2757 | D:4      | Noticed a slave
  2757 | D:4      | Noticed a slave
  2787 | D:4      | Noticed an ogre
  2794 | D:4      | Mangled by an ogre

Vault maps used:
D:1:      matt_arrival_debris, serial_curves, eino_curves_02, eino_curves_04
D:2:      tso_oasis_becter, nicolae_overflow_crystal_walls,
          kiku_gazebo_garden_becter, first_bread
D:3:      uniq_iyjb
D:4:      grunt_qazlal_clouds, minmay_temple_entry_statues_pillars,
          corexii_corridor_pit, serial_bayou_lagoon_a,
          hangedman_minor_gate_pass, uniq_pikel
D:5:      uniq_grinder, uniq_blork_the_orc, uniq_sigmund

Skill      XL: |  1  2  3  4  5 |
---------------+----------------+-----
Stealth        | 6 7 8 9 |  9.2
Fighting       | |  2.0
Short Blades   | |  2.6
Throwing       | |  2.2
Dodging        | |  1.0

Action                   |  1- 3 |  4- 6 || total
-------------------------+-------+-------++-------
Melee: Dagger            |    54 |    72 ||   126
       Constrict         |    12 |    17 ||    29
       Tentacles         |     8 |    15 ||    23
 Fire: Blowgun           |       |     7 ||     7
Throw: Javelin           |       |     7 ||     7
  Use: Potion            |     5 |     5 ||    10
 Stab: Sleeping          |    18 |    14 ||    32
  Eat: Chunk             |     1 |     5 ||     6
Armor: Skin              |     3 |     2 ||     5
Dodge: Dodged            |    19 |    33 ||    52
